Map: [ESL] Hard Lead

Players

Elazer

  • Race: Zerg Zerg
  • Spawn Location: 5:00

HeroMarine - Winner!

  • Race: Terran Terran
  • Spawn Location: 11:00

Event: ESL SC2 Masters 2023 Winter (Regional)

VOD

Have the link to the VOD?

Description

Time

  • Played on: Oct. 29, 2023, 9:32 a.m.
  • Length: 15:22

All games in this series

Show
View Real Time Build Order
Export as new Build Order

Elazer Zerg 

Build Orders: Hatch First, Lurkers 

Get SALT Encoding   

  12  0:00  Drone  
  13  0:11  Overlord  
  13  0:16  Drone  
  14  0:30  Drone x2  
  16  0:47  Hatchery  
  15  0:50  Drone  
  15  0:53  Drone  
  18  0:57  Drone  
  18  1:07  Extractor  
  17  1:12  Spawning Pool  
  17  1:15  Drone  
  17  1:18  Drone  
  18  1:27  Drone  
  19  1:38  Drone  
  20  1:49  Drone  
  21  1:59  Queen x2  
  21  2:00  Zergling x4  
  27  2:10  Drone  
  27  2:11  Overlord  
  27  2:12  Metabolic Boost  
  28  2:19  Extractor  
  27  2:27  Hatchery  
  27  2:29  Drone  
  28  2:36  Spore Crawler  
  27  2:37  Drone x2  
  27  2:40  Drone  
  31  2:44  Queen  
  31  2:49  Overlord  
  33  2:53  Drone  
  33  2:56  Drone  
  35  3:05  Drone  
  36  3:07  Overlord  
  36  3:09  Drone x3  
  36  3:11  Drone  
  40  3:15  Queen  
  42  3:21  Queen  
  44  3:32  Drone x2  
  44  3:33  Zergling x4  
  48  3:38  Drone  
  48  3:39  Overlord  
  48  3:40  Drone x3  
  52  3:44  Queen  
  54  3:49  Drone  
  54  3:53  Queen  
  57  3:56  Drone, Overlord  
  57  3:59  Drone x3  
  61  4:03  Overlord  
  61  4:05  Drone x2  
  63  4:14  Drone x5  
  67  4:17  Drone  
  67  4:20  Queen  
  67  4:23  Drone  
  71  4:25  Drone x4  
  71  4:27  Drone  
  71  4:30  Lair  
  76  4:33  Queen  
  78  4:38  Zergling x4  
  78  4:39  Zergling x2  
  78  4:42  Extractor  
  78  4:43  Evolution Chamber  
  79  4:47  Drone x2  
  81  4:54  Overlord x2  
  81  4:58  Extractor  
  81  4:59  Extractor  
  79  5:00  Extractor  
  79  5:04  Drone x3  
  79  5:05  Overlord  
  81  5:12  Overlord  
  81  5:13  Drone x7, Hatchery  
  87  5:19  Drone x2  
  87  5:20  Zerg Ground Armor Level 1  
  89  5:24  Drone  
  89  5:28  Overlord  
  90  5:30  Hydralisk Den  
  90  5:31  Extractor  
  88  5:38  Drone x3  
  88  5:39  Overlord  
  88  5:40  Zergling x10  
  96  5:48  Zergling x4  
  96  5:49  Zergling x2  
  99  6:00  Zergling x6  
  99  6:01  Zergling x2, Hatchery  
  99  6:02  Overlord, Grooved Spines  
  102  6:11  Hydralisk x5  
  102  6:16  Hydralisk x4  
  120  6:22  Hydralisk  
  122  6:26  Hydralisk x6  
  134  6:33  Hydralisk  
  135  6:40  Overlord  
  135  6:43  Zergling x10  
  138  6:53  Zergling x2  
  138  6:54  Zergling x14  
  144  6:55  Muscular Augments  
  144  6:58  Zergling x6  
  145  7:02  Overseer  
  143  7:10  Drone x7  
  143  7:13  Drone x2  
  152  7:16  Zerg Ground Armor Level 2  
  152  7:17  Drone x3, Infestation Pit  
  152  7:18  Evolution Chamber  
  152  7:20  Drone x3  
  156  7:29  Overlord x2  
  156  7:32  Overseer  
  156  7:33  Pneumatized Carapace  
  147  7:44  Zergling x24  
  131  7:59  Hydralisk x12  
  131  8:03  Zergling x2  
  153  8:08  Hive  
  153  8:09  Hydralisk, Lurker Den  
  153  8:10  Hydralisk  
  150  8:13  Zergling x10  
  150  8:16  Zergling x6  
  151  8:27  Zerg Missile Weapons Level 1  
  151  8:28  Infestation Pit  
  151  8:30  Zergling x16  
  151  8:31  Overseer  
  147  8:41  Zergling x2  
  147  8:42  Zergling x26  
  147  8:46  Zergling x8  
  155  8:53  Zergling x2  
  155  8:54  Zergling x8, Lurker Den  
  154  9:02  Drone x2  
  154  9:05  Hydralisk x2  
  154  9:07  Overlord x3  
  158  9:12  Extractor  
  158  9:14  Zergling x2  
  157  9:18  Zergling x4  
  158  9:25  Overlord x2  
  158  9:36  Overlord  
  158  9:37  Viper  
  161  9:39  Zerg Melee Weapons Level 1  
  146  9:52  Hydralisk x12  
  168  10:03  Zergling x18  
  168  10:04  Seismic Spines  
  177  10:13  Drone x2, Extractor  
  182  10:14  Drone x6  
  182  10:20  Hatchery  
  183  10:28  Zergling x22  
  193  10:36  Hydralisk x3  
  193  10:39  Zerg Ground Armor Level 3  
  172  10:54  Zergling x24  
  150  10:59  Hydralisk  
  150  11:01  Adaptive Talons  
  136  11:05  Hydralisk x3  
  136  11:09  Hydralisk x7  
  152  11:14  Lurker  
  152  11:15  Lurker x3  
  156  11:25  Zergling x14  
  151  11:33  Hatchery  
  151  11:34  Hydralisk  
  151  11:35  Hydralisk x3  
  157  11:42  Spore Crawler  
  152  11:49  Zergling x28  
  158  11:56  Hydralisk x4  
  158  12:00  Zerg Missile Weapons Level 2  
  156  12:06  Zergling x6  
  156  12:11  Zergling x2  
  157  12:21  Drone x4  
  161  12:24  Lurker x10  
  171  12:30  Hatchery  
  171  12:33  Overseer  
  170  12:40  Hydralisk  
  170  12:41  Hydralisk x7  
  185  12:52  Lurker x2  
  185  12:53  Lurker  
  188  12:58  Lurker  
  183  13:07  Lurker x2  
  174  13:25  Hydralisk x8  
  177  13:29  Zergling x14  
  168  13:43  Drone x3  
  168  13:44  Drone x5  
  176  13:56  Drone x4  
  176  14:05  Zergling x12  
  179  14:14  Zergling x2  
  179  14:15  Zergling x8  
  152  14:19  Hydralisk x3  
  129  14:25  Hydralisk x9  
  129  14:31  Hydralisk x7  
  137  14:36  Hydralisk  
  153  14:39  Overlord  
  153  14:40  Overlord x2  
  153  14:42  Hydralisk x2  
  153  14:45  Overseer x2  
  155  14:55  Zergling x10, Lurker Den  
  155  14:56  Zergling x12  
Show
View Real Time Build Order
Export as new Build Order

HeroMarine Terran - Winner!

Build Orders: Hellion Opening, Reaper Expand, Mech 

Get SALT Encoding   

  12  0:00  SCV  
  13  0:12  SCV  
  14  0:17  Supply Depot  
  14  0:24  SCV  
  15  0:39  SCV  
  15  0:40  Barracks  
  16  0:43  Refinery  
  16  0:51  SCV  
  17  1:03  SCV  
  18  1:15  SCV  
  19  1:27  Reaper  
  19  1:28  Orbital Command  
  20  1:39  Command Center  
  20  1:47  Supply Depot  
  20  1:53  SCV  
  21  1:59  Marine  
  22  2:05  SCV  
  23  2:11  Factory  
  23  2:17  SCV  
  23  2:21  Barracks Reactor  
  24  2:29  SCV  
  25  2:38  Command Center  
  25  2:41  SCV  
  26  2:50  Orbital Command  
  26  2:53  SCV  
  27  3:00  Starport  
  27  3:06  SCV  
  27  3:07  Refinery  
  27  3:11  Hellion x2  
  27  3:12  Barracks Tech Lab  
  32  3:18  SCV x2  
  34  3:30  SCV x2  
  34  3:32  Hellion x2  
  39  3:42  Marine, SCV x2  
  39  3:47  Raven  
  44  3:50  Orbital Command  
  44  3:54  Hellion x2, SCV x2  
  50  4:02  Barracks Tech Lab  
  50  4:04  Supply Depot  
  50  4:06  SCV x2  
  52  4:16  Hellion x2  
  56  4:18  SCV x2  
  56  4:19  SCV  
  56  4:21  Stimpack  
  56  4:22  Marine  
  60  4:30  SCV x2  
  60  4:31  SCV  
  63  4:34  Supply Depot  
  63  4:35  Starport Reactor  
  63  4:40  Marine  
  63  4:42  SCV x2  
  63  4:43  Barracks, SCV  
  63  4:44  Factory Reactor  
  67  4:46  Barracks  
  67  4:47  Refinery x2  
  67  4:54  SCV x2  
  67  4:55  Engineering Bay x2  
  67  4:58  Marine  
  70  5:07  Supply Depot  
  70  5:09  SCV x2  
  70  5:11  Orbital Command  
  72  5:15  Marine  
  72  5:18  Barracks, Starport Reactor  
  72  5:19  Barracks  
  74  5:21  SCV x2  
  74  5:24  Supply Depot  
  75  5:31  Terran Infantry Weapons Level 1, Terran Infantry Armor Level 1, Supply Depot  
  75  5:33  Marine, SCV x2  
  75  5:35  Marine x2  
  79  5:40  SCV  
  81  5:45  Supply Depot, SCV x2  
  81  5:47  Supply Depot  
  83  5:50  Marine x2  
  83  5:51  Marine  
  83  5:52  SCV  
  83  5:53  Marine  
  83  5:55  Medivac x2  
  92  5:57  SCV x2  
  92  6:01  Marine  
  92  6:02  Supply Depot  
  95  6:04  SCV  
  95  6:06  Widow Mine  
  95  6:07  Armory  
  95  6:08  Widow Mine  
  100  6:11  Barracks Reactor x2  
  100  6:13  SCV  
  100  6:14  SCV  
  100  6:16  SCV, Marine x2  
  100  6:17  Combat Shield  
  100  6:18  Marine  
  106  6:21  Marine  
  107  6:25  Supply Depot  
  107  6:27  Supply Depot, SCV x2, Refinery  
  109  6:33  Widow Mine x2, Medivac x2  
  109  6:38  Supply Depot, Marine x2  
  119  6:40  Marine  
  119  6:41  Marine x2  
  119  6:43  SCV x2  
  119  6:44  SCV  
  125  6:49  Marine  
  126  6:55  Factory, SCV, Marine  
  126  6:56  Supply Depot  
  130  7:06  Marine x2  
  130  7:07  Marine x2  
  129  7:08  Marine  
  129  7:09  Marine  
  129  7:10  Marine x2  
  129  7:12  Siege Tank, Medivac x2  
  129  7:13  Marine  
  129  7:15  Refinery  
  141  7:24  Marine x2  
  141  7:25  Marine x2  
  141  7:26  Command Center, Marine x2  
  141  7:28  Marine  
  141  7:29  Marine  
  149  7:31  Marine  
  149  7:32  Factory  
  149  7:33  Terran Infantry Weapons Level 2, Terran Infantry Armor Level 2  
  150  7:42  Marine x2  
  150  7:43  Marine x2  
  149  7:45  Marine x2  
  149  7:46  Marine x2  
  149  7:49  Marine  
  149  7:50  Widow Mine  
  142  7:59  Marine x2  
  142  8:01  Marine x2  
  142  8:03  Medivac x2, Marine x2  
  142  8:04  Marine x2  
  145  8:06  Marine  
  145  8:08  SCV  
  145  8:09  Barracks x2, SCV x2  
  149  8:13  Barracks  
  149  8:15  Siege Tank  
  149  8:17  Marine x2  
  149  8:19  Factory Tech Lab, Marine x2  
  150  8:20  Marine, SCV  
  150  8:21  Marine  
  150  8:22  Marine x2  
  150  8:24  Marine, Supply Depot  
  150  8:27  SCV  
  150  8:28  SCV  
  150  8:31  Terran Vehicle Weapons Level 1  
  150  8:32  SCV  
  153  8:35  Marine x2  
  153  8:36  Marine  
  153  8:37  Sensor Tower, Marine  
  153  8:38  Marine x2  
  153  8:40  Marine x2  
  151  8:42  Marine  
  151  8:45  Siege Tank  
  151  8:47  Medivac x2  
  155  8:53  Marine x2  
  155  8:54  Marine x2  
  158  8:56  Marine x2  
  158  8:57  Marine  
  158  8:58  Marine  
  158  9:01  Siege Tank  
  163  9:04  Barracks Tech Lab x2  
  163  9:05  SCV x2  
  163  9:06  SCV  
  163  9:08  Marine  
  163  9:09  Marine x2  
  168  9:11  Marine x2  
  168  9:12  Marine x2  
  168  9:17  Siege Tank, SCV, Marine x2  
  173  9:18  Marine  
  173  9:23  Supply Depot  
  173  9:24  Medivac, Marine  
  180  9:25  Supply Depot  
  183  9:33  Siege Tank  
  183  9:34  Sensor Tower, Medivac  
  188  9:42  Planetary Fortress  
  177  9:49  Siege Tank, Marine x2  
  177  9:50  Marine  
  177  9:51  Marine, Concussive Shells, Marauder x3  
  177  9:52  Marine x4  
  183  9:54  Medivac, Marine x2  
  165  10:05  Terran Infantry Weapons Level 3  
  165  10:07  Marine x3  
  165  10:09  Marine x3  
  165  10:10  Command Center, Marine x2  
  165  10:12  Marine x2  
  165  10:13  Marine x3  
  178  10:19  Terran Infantry Armor Level 3  
  178  10:20  Refinery x2  
  178  10:25  Marine  
  178  10:27  Marine  
  178  10:28  Marine x6  
  185  10:29  Marine x2  
  185  10:40  Marine x2  
  185  10:42  Marine  
  188  10:43  Marine  
  188  10:45  Marine x3  
  188  10:47  Marine  
  188  10:49  Marine x2  
  177  10:51  Marine x3  
  177  10:55  Terran Vehicle Weapons Level 2  
  147  10:58  Marine x2  
  147  11:00  Marine  
  147  11:01  Marine  
  147  11:03  Medivac, Marine x3  
  147  11:04  Medivac  
  139  11:05  Marine  
  139  11:07  Marine x2  
  139  11:09  Siege Tank x2, Marine x3  
  151  11:13  Ghost Academy  
  151  11:16  Marine  
  151  11:17  Marauder  
  151  11:18  Marine x2  
  155  11:21  Marine x3  
  155  11:24  Orbital Command  
  159  11:30  Marine  
  155  11:33  Medivac  
  155  11:34  Medivac  
  163  11:40  Marauder x3, Marine x8  
  170  11:50  Marine  
  170  11:53  Marine  
  141  11:57  Marine  
  141  11:58  Marine  
  141  11:59  Marine x3  
  141  12:01  Siege Tank x2  
  135  12:03  Orbital Command, Medivac  
  135  12:04  Medivac  
  135  12:05  Marine x2  
  135  12:07  Marine  
  135  12:08  Marine  
  141  12:11  SCV  
  141  12:12  SCV  
  143  12:16  Ghost x2  
  143  12:17  Marine  
  143  12:18  Marine  
  143  12:21  Marine x2  
  151  12:23  Marine  
  151  12:24  Marine  
  151  12:25  Ghost  
  151  12:26  Marine x2  
  151  12:28  Marine  
  151  12:29  Marine  
  159  12:33  Siege Tank x2, Medivac  
  159  12:35  Medivac, Marine  
  159  12:36  Marine  
  169  12:39  Marine  
  169  12:40  Marine  
  169  12:41  Marine x2  
  173  12:44  Ghost, Marine x2  
  173  12:45  Marine  
  173  12:47  Missile Turret  
  178  12:54  Ghost  
  180  13:02  Ghost  
  171  13:07  Siege Tank x2  
  171  13:11  Marine x2  
  158  13:13  Ghost, SCV x3  
  158  13:15  Marine x3  
  165  13:20  Marine  
  165  13:21  Orbital Command, Marine  
  165  13:22  Ghost  
  165  13:25  Marine x2  
  151  13:27  Marine  
  151  13:29  Marine x2  
  151  13:31  Ghost  
  149  13:38  Marine x2  
  151  13:42  Ghost  
  151  13:43  Siege Tank x2  
  151  13:47  Marine x5  
  164  13:51  Ghost, SCV x3  
  164  13:52  SCV x2  
  164  13:53  Refinery  
  171  13:56  Marine x2  
  171  13:57  Refinery  
  171  13:58  Refinery  
  172  14:03  Missile Turret  
  172  14:04  Missile Turret x2  
  164  14:13  Ghost x2  
  164  14:15  Siege Tank x2  
  156  14:17  Marine  
  156  14:19  Ghost, Marine x2  
  140  14:25  Marine  
  140  14:30  Marine  
  140  14:31  Marine x2  
  143  14:32  Marine  
  145  14:43  Marauder x2  
  149  14:47  Siege Tank  
  149  14:48  Ghost  
  154  14:53  Refinery  
  154  14:55  Marine x4  
  154  14:56  Marine  
Tags
 
Add a new tag
Caveats
  • Supply blocks, unpowered buildings, or Contaminate may cause inaccurate times.
  • Supply counts are checked every 10 seconds.